 Dungeon Crawl Stone Soup version 0.31-a0-691-g409c26aa35 (webtiles) character file.

Game seed: 1780733119176868772

1327 Shayle the Ogre Mage (level 8, -7/71 HPs)
             Began as an Ogre Shapeshifter on Sept 6, 2023.
             Was an Initiate of Ashenzari.
             Mangled by Pikel
             ... wielding a +1 whip of flaming
              (8 damage)
             ... on level 4 of the Dungeon.
             The game lasted 00:19:27 (5083 turns).

Shayle the Ogre Mage (Ogre Shapeshifter)            Turns: 5083, Time: 00:19:27

Health: -7/71      AC:  3    Str: 19    XL:     8   Next: 60%
Magic:  0/17       EV:  9    Int: 13    God:    Ashenzari [......]
Gold:   240        SH:  0    Dex:  8    Spells: 16/19 levels left

rFire   . .          .
                       - Unarmed
rCold   . . .        (no shield)
rNeg    . . .        a - +0 animal skin
rPois   +            (helmet currently unavailable)
rElec   .            (cloak currently unavailable)
rCorr   .            (gloves unavailable)
SInv    .            (boots unavailable)
Will    .....        q - amulet of guardian spirit
Stlth   +            o - ring of poison resistance
HPRegen 0.31/turn    (no ring)
MPRegen 0.15/turn

%: guardian spirit
@: mighty, brilliant, beast-form, attractive, invisible
A: beast (slay +1), large, unfitting armour, tough skin 1
a: Begin Untransformation, Renounce Religion, Curse Item


You were on level 4 of the Dungeon.
You worshipped Ashenzari.
Ashenzari was noncommittal.
You were a hulking beast.
You visited 2 branches of the dungeon, and saw 6 of its levels.

You collected 240 gold pieces.

Inventory:

Missiles
 x - 2 throwing nets
Armour
 a - a +0 animal skin (worn)
Jewellery
 o - a ring of poison resistance (left hand)
 q - an amulet of guardian spirit (around neck)
Talismans
 c - a beast talisman (active)
 d - a flux talisman
Wands
 z - a wand of flame (11)
Scrolls
 e - a scroll of revelation
 h - a scroll of fog {unknown}
 i - a scroll of noise {unknown}
 n - 4 scrolls of blinking {unknown}
 p - 2 scrolls of brand weapon {unknown}
 r - a scroll of vulnerability {unknown}
 s - 2 scrolls of teleportation
 t - 2 scrolls of enchant weapon
 u - a scroll of summoning {unknown}
 y - a scroll of enchant armour {unknown}
 A - a scroll of identify
Potions
 g - 3 potions of resistance
 j - a potion of invisibility
 k - 2 potions of haste
 w - a potion of attraction


   Skills:
 - Level 1.6 Fighting
 - Level 1.9 Dodging
 + Level 6.0 Unarmed Combat
 + Level 6.3 Spellcasting
 + Level 2.7 Conjurations
 + Level 2.7 Air Magic
 + Level 2.6 Poison Magic
 - Level 3.0 Shapeshifting


You had 16 spell levels left.
You knew the following spells:

 Your Spells              Type           Power      Damage    Failure   Level
a - Mephitic Cloud        Conj/Pois/Air  16%        N/A       16%         3

Your spell library contained the following spells:

 Spells                   Type           Power      Damage    Failure   Level
 Poisonous Vapours        Pois/Air       32%        N/A       9%          2
 Gell's Gravitas          Tloc           6%         N/A       45%         3
 Portal Projectile        Hex/Tloc       12%        N/A       45%         3
 Teleport Other           Tloc           6%         N/A       45%         3
 Tukima's Dance           Hex            6%         N/A       45%         3
 Iskenderun's Mystic Bla  Conj/Tloc      11%        2d4       67%         4
 Freezing Cloud           Conj/Ice/Air   6%         6-21      91%         5
 Dispersal                Tloc           3%         N/A       100%        6


Dungeon Overview and Level Annotations

Branches:
Dungeon (5/15)             Temple (1/1) D:4

Altars:
Ashenzari
Cheibriados
Dithmenos
Elyvilon
Hepliaklqana
Kikubaaqudgha
Nemelex Xobeh
Okawaru
Qazlal
Ru
Trog
Vehumet
Wu Jian
Yredelemnul
Zin
The Shining One

Shops:
D:3 [

Portals:
Abyss: D:3

Annotations:
D:2 1 runed translucent door, Crazy Yiuf
D:3 2 transporters, hgbash's ghost, weakling SpSh
D:4 Pikel


Innate Abilities, Weirdness & Mutations

You are a hulking beast.
Your limbs bulge with bestial killing power. (Slay +1)
You are too large for most types of armour.
You have tough skin. (AC +1)


Message History

You closely miss Pikel.
Pikel is lightly wounded.
Pikel hits you with a +1 whip of flaming.
Pikel burns you. The grasping roots constrict you!
Ashenzari invites you to partake of a vision and a curse of ranged combat and elements.
You fade into invisibility!
Pikel hits you with a +1 whip of flaming!
Pikel burns you. The grasping roots constrict you.
* * * LOW HITPOINT WARNING * * *
You feel better.
Pikel hits you with a +1 whip of flaming!
Pikel burns you. The grasping roots constrict you!
* * * LOW HITPOINT WARNING * * *
The grasping roots release their grip on you.
You feel better.
Pikel hits you with a +1 whip of flaming!
* * * LOW HITPOINT WARNING * * *
Pikel burns you.
* * * LOW HITPOINT WARNING * * *
Okay, then.
It was a potion of attraction.
You feel attractive to monsters.
Pikel zaps a wand.
The roots erupt in riotous growth!
The grasping roots grab you!
Pikel is unaffected.
The grasping roots constrict you.
* * * LOW HITPOINT WARNING * * *
It was a potion of magic.
Magic courses through your body.
Pikel hits you with a +1 whip of flaming.
* * * LOW HITPOINT WARNING * * *
Pikel burns you. The grasping roots constrict you!
* * * LOW HITPOINT WARNING * * *
The grasping roots release their grip on you.
It was a potion of might.
You feel very mighty all of a sudden. Pikel barely misses you.
It was a potion of brilliance.
You feel clever all of a sudden.
Pikel hits you with a +1 whip of flaming!
You die...
Pikel says, "See you in Hell!"

###############
#.............#
#.............#
#.............#
#.............#
#.............#
#.............#
###.............##
#h..............))
#K..............##
##.##'###########
#.##....#
#.#####.#
#..##...#
##.##.###########
#...............
####.###########


You could see Pikel (unable to see you).

Vanquished Creatures
  Sigmund (D:5)
  A black bear (D:5)
  2 ogres (D:4)
  A lemure (D:5)
  2 phantoms (D:5)
  3 scorpions
  2 jellies
  2 howler monkeys (D:4)
  A hound (D:4)
  A gnoll bouda (D:5)
  Natasha (thrice) (D:2)
  6 orc wizards
  7 adders
  2 worms
  13 orcs
  5 endoplasms
  2 giant cockroaches
  7 goblins
  6 hobgoblins
  9 jackals
  5 kobolds
  2 quokkas (D:1)
  10 ball pythons
  6 bats
  5 frilled lizards
  2 rats
106 creatures vanquished.

Notes
Turn   | Place    | Note
-------+----------+-------------------------------------------
     0 | D:1      | Shayle the Ogre Shapeshifter began the quest for the Orb.
     0 | D:1      | Reached XP level 1. HP: 19/19 MP: 1/1
   132 | D:1      | Reached XP level 2. HP: 27/28 MP: 2/2
   241 | D:1      | Reached skill level 1 in Spellcasting
   483 | D:1      | Found a faded altar of an unknown god.
   541 | D:1      | Reached XP level 3. HP: 34/35 MP: 5/5
  1144 | D:2      | Found a glowing silver altar of Zin.
  1215 | D:2      | Reached XP level 4. HP: 35/42 MP: 7/7
  1308 | D:2      | Noticed Natasha
  1322 | D:2      | Killed Natasha
  1503 | D:2      | Noticed Natasha
  1522 | D:2      | Killed Natasha
  1523 | D:2      | Reached XP level 5. HP: 17/49 MP: 3/9
  1702 | D:2      | Noticed Natasha
  1729 | D:2      | Killed Natasha
  1942 | D:2      | Found a runed translucent door.
  1943 | D:2      | Noticed Crazy Yiuf
  2169 | D:3      | Found Uculaf's Armour Shop.
  2409 | D:3      | Found a transporter.
  2413 | D:3      | Found a transporter.
  2430 | D:3      | Noticed hgbash's ghost (weakling SpSh)
  2430 | D:3      | Noticed a small abomination
  2431 | D:3      | Found a one-way gate to the infinite horrors of the Abyss.
  2762 | D:4      | Reached XP level 6. HP: 24/57 MP: 7/12
  3192 | D:4      | Reached skill level 5 in Unarmed Combat
  3196 | D:4      | Reached skill level 5 in Spellcasting
  3196 | D:4      | Reached XP level 7. HP: 63/63 MP: 12/14
  3216 | D:4      | Learned a level 3 spell: Mephitic Cloud
  3645 | D:4      | Found a staircase to the Ecumenical Temple.
  3668 | Temple   | Entered the Ecumenical Temple
  3684 | Temple   | Became a worshipper of Ashenzari the Shackled
  3715 | D:4      | Reached skill level 1 in Air Magic
  3734 | D:4      | Reached skill level 1 in Conjurations
  3895 | D:4      | Reached skill level 1 in Poison Magic
  4465 | D:5      | Entered Level 5 of the Dungeon
  4513 | D:5      | Reached XP level 8. HP: 54/71 MP: 12/16
  4909 | D:5      | Noticed Sigmund
  4925 | D:5      | Killed Sigmund
  5056 | D:5      | Noticed Pikel
  5080 | D:4      | HP: 2/71 [constriction (4)]
  5083 | D:4      | Mangled by Pikel

Illustrated notes

Levels and vault maps discovered:
D:1:      dpeg_arrival_tiny_a, layout_loops_cross,
          ebering_ecumenical_altar_petrified, st_stairs_6
D:2:      layout_loops_ring, basic_altar, uniq_crazy_yiuf_cottage, uniq_natasha
D:3:      layout_loops_ring, gammafunk_ghost_abyssal_escape, serial_shops,
          nicolae_square_shop
D:4:      layout_basic, temple_pool_b
D:5:      layout_basic, kennysheep_mini_moat, minmay_fractal_squares_5,
          uniq_pikel, uniq_sigmund
Temple:   eino_temple_scatter_basement

Skill      XL: |  1  2  3  4  5  6  7  8 |
---------------+-------------------------+-----
Unarmed Combat | 3 4 5 6 |  6.0
Spellcasting   | 1 2 3 4 5 6 |  6.3
Air Magic      | 1 2 |  2.7
Conjurations   | 1 2 |  2.7
Poison Magic   | 1 2 |  2.6
Fighting       | |  1.6
Dodging        | |  1.9
Shapeshifting  | |  3.0

Action                     |  1- 3 |  4- 6 |  7- 9 || total
---------------------------+-------+-------+-------++-------
  Melee: Unarmed           |   129 |   135 |   175 ||   439
         Punch             |     4 |     3 |     5 ||    12
    Use: Scroll            |       |     5 |     3 ||     8
         Potion            |       |     1 |     8 ||     9
   Stab: Sleeping          |       |     2 |       ||     2
 Armour: Animal skin       |    93 |    83 |   121 ||   297
         Skin              |       |     4 |    23 ||    27
  Dodge: Dodged            |    62 |    41 |    51 ||   154

Table legend: (Time is in decaauts)
 A = Elapsed time spent in this place.
 B = Non-inter-level travel time spent in this place.
 C = Inter-level travel time spent in this place.
 D = Time resting spent in this place.
 E = Time spent auto-exploring this place.
 F = Levels seen in this place.
 G = Mean time per level.
                   A        B        C        D        E       F      G
               +--------+--------+--------+--------+--------+-----+--------+
         Total |   5049 |   4872 |    177 |   1259 |   2440 |   6 |  841.5 |
       Dungeon |   5019 |   4855 |    164 |   1259 |   2440 |   5 | 1003.8 |
        Temple |     29 |     16 |     13 |      0 |      0 |   1 |   29.0 |
               +--------+--------+--------+--------+--------+-----+--------+

Top non-repeatable levels by time:
     D:4: 1689 daAuts
     D:2: 1108 daAuts
     D:1: 889 daAuts
     D:3: 731 daAuts
     D:5: 600 daAuts
  Temple: 29 daAuts
